Map: Romanticide LE

Players

Epic

  • Race: Terran Terran
  • League: Grandmaster
  • Spawn Location: 5:00

Astrea - Winner!

  • Race: Protoss Protoss
  • League: Master
  • Spawn Location: 11:00

Event: Cheeseadelphia Winter Championship 2021

VOD

Have the link to the VOD?

Description

Time

  • Played on: Jan. 23, 2021, 10:59 a.m.
  • Length: 13:34

All games in this series

Show
View Real Time Build Order
Export as new Build Order

Epic Terran 

Build Orders: Banshee Rush 

Get SALT Encoding   

  12  0:00  SCV  
  13  0:12  SCV  
  14  0:16  Supply Depot  
  14  0:24  SCV  
  15  0:38  SCV  
  15  0:39  Barracks  
  16  0:42  Refinery  
  16  0:50  SCV  
  17  1:02  SCV  
  18  1:14  SCV  
  19  1:26  Orbital Command  
  19  1:28  Barracks Reactor  
  19  1:40  Command Center  
  19  1:51  Supply Depot  
  19  1:52  SCV  
  20  2:04  Factory  
  20  2:07  Marine  
  21  2:09  SCV  
  21  2:13  Marine  
  23  2:21  SCV, Refinery  
  24  2:26  Marine  
  25  2:31  Marine  
  25  2:34  SCV  
  27  2:46  SCV  
  28  2:52  Orbital Command, Starport  
  28  2:53  Factory Tech Lab  
  28  2:58  SCV  
  29  2:59  Marine  
  29  3:01  Marine  
  31  3:10  SCV  
  32  3:18  SCV  
  32  3:19  Marine x2  
  35  3:22  SCV  
  35  3:23  Factory Tech Lab  
  36  3:30  Supply Depot, SCV  
  37  3:34  SCV  
  37  3:39  Banshee  
  37  3:40  Cloaking Field  
  41  3:42  SCV, Marine  
  41  3:43  Marine  
  41  3:46  SCV  
  45  3:52  Siege Tank  
  45  3:53  Supply Depot  
  45  3:55  SCV  
  49  4:02  Marine x2  
  51  4:04  SCV  
  51  4:07  SCV  
  53  4:15  Supply Depot  
  53  4:17  SCV  
  53  4:19  SCV, Marine  
  53  4:20  Marine  
  53  4:21  Banshee  
  60  4:31  Command Center  
  60  4:37  Supply Depot, Siege Tank  
  60  4:38  SCV x2  
  64  4:41  Marine x2  
  67  4:50  SCV x2  
  69  4:53  Barracks  
  69  4:55  Barracks  
  69  4:59  Marine x2  
  69  5:02  SCV  
  69  5:03  SCV  
  69  5:04  Supply Depot  
  72  5:14  SCV  
  72  5:15  SCV  
  72  5:19  Engineering Bay  
  72  5:20  Engineering Bay  
  74  5:21  Marine x2  
  74  5:27  SCV x2  
  78  5:32  Refinery x2  
  78  5:33  Supply Depot  
  78  5:37  Starport Reactor, Factory Reactor  
  78  5:39  SCV x2  
  80  5:44  Bunker  
  80  5:46  Terran Infantry Weapons Level 1, Orbital Command  
  80  5:47  Terran Infantry Armor Level 1  
  76  5:51  Bunker  
  76  5:56  SCV x2  
  65  6:06  Combat Shield, Stimpack  
  65  6:08  Marine  
  65  6:09  Marauder, Marine  
  64  6:15  SCV x2  
  64  6:16  Orbital Command  
  59  6:19  Widow Mine x2  
  59  6:21  Barracks  
  59  6:22  Barracks  
  62  6:27  Marauder  
  62  6:29  SCV x2  
  62  6:31  Marauder, Marine x2  
  66  6:35  Medivac  
  68  6:40  Medivac  
  68  6:41  SCV x2  
  68  6:42  SCV  
  68  6:46  Widow Mine x2  
  77  6:50  Marauder  
  77  6:53  Marauder  
  81  6:56  Missile Turret  
  81  6:57  SCV x2  
  81  6:58  SCV  
  84  7:03  Marine x2  
  84  7:04  Armory  
  86  7:09  Barracks Reactor, Barracks Tech Lab  
  86  7:12  Widow Mine x2, SCV  
  86  7:13  SCV x2  
  93  7:15  Barracks Reactor  
  93  7:16  Supply Depot  
  93  7:22  Medivac  
  91  7:23  Marine x2  
  91  7:28  SCV x3  
  94  7:34  Medivac  
  94  7:36  Refinery  
  100  7:37  Widow Mine x2, Refinery  
  100  7:39  Missile Turret, Command Center  
  100  7:40  SCV x2  
  100  7:41  SCV  
  100  7:43  Missile Turret  
  103  7:45  Supply Depot  
  103  7:51  Marauder x2  
  103  7:52  Marauder  
  103  7:55  SCV x3  
  103  7:56  Marine x4  
  113  8:03  Widow Mine x2  
  113  8:07  Terran Infantry Weapons Level 2  
  113  8:14  Marauder, Marine x3  
  113  8:15  Marauder x2, Marine  
  123  8:21  Terran Infantry Armor Level 2, Supply Depot  
  123  8:23  Supply Depot x2  
  122  8:34  Viking  
  122  8:36  Missile Turret  
  122  8:37  Missile Turret  
  122  8:39  Marine  
  125  8:43  Viking, Marauder, Marine x3  
  125  8:45  Marauder x2  
  135  8:49  Starport  
  135  8:52  SCV x3  
  138  8:56  Ghost Academy  
  138  9:00  Marine  
  139  9:13  Viking x2  
  139  9:15  Planetary Fortress  
  143  9:18  SCV x3  
  143  9:19  Marauder x2, Marine x4  
  143  9:20  Marauder  
  156  9:25  Viking x2  
  156  9:30  Refinery x2  
  158  9:32  Supply Depot x2  
  158  9:33  SCV x3  
  158  9:38  Missile Turret  
  161  9:39  Marine x3  
  161  9:40  Marine  
  163  9:47  Viking x2  
  146  10:03  Marauder x3, Marine x3  
  139  10:15  SCV  
  139  10:16  SCV x2  
  139  10:17  Viking x2  
  123  10:21  Marine  
  123  10:24  Marauder x2  
  123  10:27  Marauder, Marine x2  
  107  10:34  Medivac x2  
  104  10:36  SCV x2  
  104  10:37  SCV  
  104  10:41  SCV  
  106  10:46  Marauder  
  106  10:51  Marauder, Marine x4  
  107  11:01  SCV x4  
  111  11:09  Ghost x2  
  111  11:10  Enhanced Shockwaves  
  115  11:12  Ghost  
  117  11:18  Marine x3  
  117  11:19  Marine  
  121  11:36  Marine  
  121  11:38  Marauder, SCV x4  
  121  11:39  Marauder  
  129  11:50  Missile Turret  
  129  11:51  Missile Turret  
  129  11:53  Marauder, Marine x3  
  134  11:54  Marine  
  134  11:56  SCV x2  
  134  11:57  SCV x2  
  134  12:00  Marauder x2  
  134  12:01  Supply Depot, Viking  
  143  12:02  Supply Depot, Viking  
  143  12:06  Viking  
  149  12:09  Viking  
  149  12:12  Supply Depot  
  151  12:18  Widow Mine  
  151  12:25  Marauder x3, Marine x3  
  145  12:33  Viking x2  
  145  12:36  Marine, Viking  
  114  12:42  Marine  
  87  12:46  Marauder  
  74  12:51  Marine x2  
  74  12:52  Marauder x2  
  74  12:54  Marine  
  78  12:59  Medivac  
  78  13:00  Marine  
  77  13:08  Marauder  
  77  13:09  Marine x2  
  77  13:12  Marine  
Show
View Real Time Build Order
Export as new Build Order

Astrea Protoss - Winner!

Build Orders: 1 Gate Expand, Phoenix Opening 

Get SALT Encoding   

  12  0:00  Probe  
  13  0:12  Probe  
  14  0:17  Pylon  
  14  0:24  Probe (Chrono Boost)  
  16  0:36  Gateway, Probe (Chrono Boost)  
  16  0:43  Probe (Chrono Boost)  
  16  0:45  Assimilator  
  17  0:51  Probe  
  18  1:03  Probe  
  19  1:15  Probe  
  20  1:21  Nexus  
  20  1:29  Cybernetics Core  
  21  1:32  Probe  
  21  1:38  Assimilator  
  21  1:45  Probe  
  22  1:48  Pylon  
  22  1:56  Probe  
  23  2:03  Adept (Chrono Boost)  
  23  2:04  Probe  
  26  2:12  Probe  
  26  2:14  Stargate  
  27  2:23  Probe  
  27  2:24  Warp Gate  
  27  2:28  Adept  
  30  2:35  Probe (Chrono Boost)  
  32  2:39  Probe (Chrono Boost)  
  32  2:46  Probe (Chrono Boost)  
  32  2:50  Probe (Chrono Boost)  
  34  2:51  Probe (Chrono Boost)  
  35  2:59  Probe  
  35  3:01  Phoenix, Probe  
  39  3:10  Robotics Facility  
  39  3:11  Probe  
  40  3:13  Probe  
  40  3:15  Pylon  
  41  3:23  Probe  
  41  3:25  Phoenix, Probe  
  45  3:36  Assimilator, Probe  
  45  3:37  Probe  
  45  3:39  Assimilator  
  48  3:49  Gateway  
  48  3:50  Probe (Chrono Boost)  
  48  3:51  Phoenix, Probe (Chrono Boost)  
  48  3:52  Shield Battery  
  51  4:01  Probe (Chrono Boost)  
  53  4:03  Pylon, Probe (Chrono Boost)  
  53  4:04  Observer  
  54  4:17  Shield Battery  
  54  4:20  Pylon  
  54  4:21  Phoenix, Probe x2  
  58  4:29  Observer (Chrono Boost)  
  59  4:33  Probe x2, Nexus  
  59  4:35  Pylon  
  61  4:39  Sentry  
  61  4:43  Observer (Chrono Boost)  
  64  4:49  Probe x2  
  66  4:57  Robotics Bay  
  66  5:01  Probe x2  
  66  5:04  Immortal (Chrono Boost), Observer  
  72  5:13  Adept x2, Probe  
  77  5:18  Pylon  
  77  5:31  Pylon  
  77  5:37  Immortal (Chrono Boost)  
  77  5:38  Phoenix  
  77  5:40  Adept  
  85  5:43  Shield Battery  
  85  5:45  Adept  
  87  6:02  Nexus  
  79  6:06  Adept x2  
  79  6:07  Probe x2  
  79  6:09  Phoenix  
  81  6:17  Probe  
  82  6:19  Probe  
  82  6:22  Probe  
  84  6:29  Probe  
  84  6:32  Probe  
  86  6:34  Phoenix, Observer  
  86  6:38  Observer  
  86  6:39  Colossus, Forge  
  88  6:40  Twilight Council, Forge  
  88  6:41  Probe x2 (Chrono Boost)  
  88  6:44  Probe (Chrono Boost)  
  97  6:47  Pylon  
  97  6:48  Extended Thermal Lance  
  97  6:51  Sentry  
  97  6:53  Probe (Chrono Boost)  
  97  6:54  Probe (Chrono Boost)  
  101  6:56  Probe (Chrono Boost)  
  101  7:01  Observer  
  102  7:02  Probe x2 (Chrono Boost)  
  102  7:03  Probe (Chrono Boost)  
  102  7:06  Charge  
  102  7:07  Probe  
  102  7:08  Protoss Ground Weapons Level 1 (Chrono Boost), Probe  
  105  7:09  Observer  
  105  7:10  Protoss Ground Armor Level 1 (Chrono Boost)  
  105  7:11  Probe  
  108  7:19  Probe  
  109  7:24  Probe x2  
  109  7:25  Probe  
  112  7:35  Colossus (Chrono Boost)  
  117  7:38  Probe x2  
  117  7:41  Gateway  
  117  7:43  Gateway  
  119  7:46  Gateway  
  119  7:47  Gateway  
  119  7:49  Gateway, Zealot x2  
  123  7:52  Observer  
  123  7:53  Gateway  
  123  7:54  Pylon  
  123  8:10  Gateway x2  
  123  8:11  Zealot x2  
  123  8:12  Pylon  
  127  8:13  Pylon  
  127  8:18  Pylon  
  127  8:19  Colossus (Chrono Boost)  
  127  8:21  Nexus  
  133  8:35  Zealot x2  
  133  8:37  Zealot x2  
  141  8:41  Pylon  
  141  8:43  Blink  
  141  8:44  Zealot x3  
  141  8:45  Pylon  
  147  8:55  Protoss Ground Weapons Level 2 (Chrono Boost)  
  147  8:59  Protoss Ground Armor Level 2 (Chrono Boost), Warp Prism (Chrono Boost)  
  149  9:06  Zealot x10  
  167  9:11  Observer  
  167  9:15  Pylon x3  
  167  9:18  Photon Cannon  
  167  9:21  Shield Battery  
  166  9:25  Pylon  
  166  9:27  Zealot x7  
  180  9:33  Zealot x3  
  186  9:39  Robotics Facility  
  186  9:41  Assimilator  
  186  9:45  Assimilator  
  186  9:54  Stalker x9  
  188  10:00  Colossus  
  154  10:22  Stalker x9  
  136  10:41  Probe x5  
  133  10:51  Zealot x10  
  133  10:53  Probe  
  133  10:54  Probe x4  
  158  10:59  Colossus (Chrono Boost)  
  158  11:00  Colossus (Chrono Boost)  
  170  11:05  Probe  
  161  11:33  Zealot x10  
  179  11:40  Gateway  
  179  11:41  Gateway  
  174  11:49  Warp Prism (Chrono Boost)  
  174  11:51  Observer (Chrono Boost), Nexus  
  174  11:53  Pylon  
  177  11:55  Sentry, Zealot x9, Unknown  
  177  11:59  Dark Shrine  
  197  12:06  Gravitic Drive  
  197  12:11  Observer  
  198  12:16  Zealot  
  180  12:37  Zealot x12  
  169  12:51  Probe x4  
  183  12:53  Shield Battery, Photon Cannon  
  183  12:57  Pylon  
  171  13:00  Observer  
  167  13:06  Stalker x7  
  167  13:07  Stalker x5  
  185  13:17  Gateway  
  185  13:19  Gateway  
Tags
 
Add a new tag
Caveats
  • Supply blocks, unpowered buildings, or Contaminate may cause inaccurate times.
  • Supply counts are checked every 10 seconds.